General information
- name: BNet
- type: Ladder team game (AT/RT)
- host: Battle.net
- saver: 5PeonsRDepressd
map: Deathknell
- players: 8
- length: 07:46
- speed: Fast
- version: 1.28 W3XP
- replay type: Public
» download(66 KB)
Players
team 1 (loser)
x_TRiPPiNiNjA_x (
blue | 74 APM | 578 actions | 07:46)
1 Blademaster
1 Wind Walk
» actions
| Assign group hotkey | 9 | |
| Build / train | 18 | |
| Enter build submenu | 12 | |
| Enter hero's abilities submenu | 1 | |
| Remove unit from queue | 2 | |
| Right click | 358 | |
| Select / deselect | 83 | |
| Select group hotkey | 71 | |
| Use ability | 24 | |
578 total
» units
» buildings
| Altar of Storms | 1 | |
| Orc Burrow | 4 | |
| Barracks | 2 | |
| War Mill | 1 | |
| Voodoo Lounge | 1 | |
| Watch Tower | 3 | |
| Stronghold | 1 | |
13 total
» build order
00:08 Altar of Storms
00:21 Orc Burrow
01:22 Barracks
01:39 Orc Burrow
02:03 Barracks
04:15 War Mill
04:53 Voodoo Lounge
05:07 Orc Burrow
05:10 Orc Burrow
06:34 Watch Tower
07:02 Stronghold
07:41 Watch Tower
07:43 Watch Tower
» items
| Healing Salve | 2 | |
| Lesser Clarity Potion | 1 | |
3 total
Soccerluke96 (
pink | 38 APM | 296 actions | 07:46)
2 Demon Hunter
1 Immolation
1 Evasion
» actions
| Basic commands | 10 | |
| Build / train | 26 | |
| Enter build submenu | 9 | |
| Enter hero's abilities submenu | 2 | |
| Right click | 125 | |
| Select / deselect | 108 | |
| Use ability | 16 | |
296 total
» units
» upgrades
| Strength of the Moon | 1 | |
| Moon Armor | 1 | |
2 total
» buildings
| Altar of Elders | 1 | |
| Moon Well | 4 | |
| Ancient of War | 1 | |
| Hunter's Hall | 1 | |
| Tree of Ages | 1 | |
| Ancient of Wind | 1 | |
9 total
» build order
00:06 Altar of Elders
00:12 Moon Well
00:23 Ancient of War
02:08 Moon Well
03:07 Moon Well
03:12 Hunter's Hall
03:56 Tree of Ages
05:06 Moon Well
07:06 Ancient of Wind
booty_messiah15 (
yellow | 49 APM | 384 actions | 07:46)
2 Mountain King
1 Storm Bolt
1 Thunder Clap
» actions
| Assign group hotkey | 1 | |
| Build / train | 36 | |
| Enter build submenu | 12 | |
| Enter hero's abilities submenu | 2 | |
| Remove unit from queue | 1 | |
| Right click | 201 | |
| Select / deselect | 104 | |
| Select group hotkey | 9 | |
| Use ability | 18 | |
384 total
» units
» upgrades
» buildings
| Altar of Kings | 1 | |
| Farm | 6 | |
| Lumber Mill | 1 | |
| Barracks | 2 | |
| Blacksmith | 1 | |
| Keep | 4 | |
15 total
» build order
00:15 Altar of Kings
00:18 Farm
01:01 Farm
01:07 Lumber Mill
01:38 Barracks
01:58 Barracks
02:09 Farm
03:29 Farm
04:19 Farm
05:07 Blacksmith
05:31 Keep
05:31 Keep
05:31 Keep
07:06 Farm
team 2 (winner)
faysals (
red | 30 APM | 237 actions | 07:46)
1 Archmage
1 Summon Water Elemental
» actions
| Assign group hotkey | 3 | |
| Basic commands | 11 | |
| Build / train | 23 | |
| Enter build submenu | 13 | |
| Enter hero's abilities submenu | 1 | |
| Right click | 77 | |
| Select / deselect | 83 | |
| Select group hotkey | 5 | |
| Use ability | 21 | |
237 total
» units
» buildings
| Altar of Kings | 1 | |
| Barracks | 1 | |
| Farm | 3 | |
| Scout Tower | 5 | |
| Arcane Tower | 1 | |
| Keep | 1 | |
| Lumber Mill | 1 | |
| Arcane Vault | 1 | |
| Blacksmith | 1 | |
| Guard Tower | 3 | |
18 total
» build order
00:19 Altar of Kings
00:27 Barracks
00:41 Farm
00:59 Farm
02:09 Scout Tower
02:20 Farm
02:46 Arcane Tower
02:53 Keep
04:53 Scout Tower
04:55 Scout Tower
04:58 Lumber Mill
05:06 Scout Tower
05:08 Scout Tower
05:20 Arcane Vault
05:30 Blacksmith
05:36 Guard Tower
05:58 Guard Tower
06:49 Guard Tower
IRONPOOP (
green | 21 APM | 166 actions | 07:46)
1 Far Seer
1 Feral Spirit
» actions
| Basic commands | 4 | |
| Build / train | 17 | |
| Enter build submenu | 7 | |
| Enter hero's abilities submenu | 1 | |
| Right click | 51 | |
| Select / deselect | 72 | |
| Use ability | 14 | |
166 total
» units
» upgrades
» buildings
| Orc Burrow | 6 | |
| Altar of Storms | 1 | |
| Stronghold | 1 | |
| War Mill | 1 | |
| Voodoo Lounge | 1 | |
| Beastiary | 3 | |
13 total
» build order
00:23 Orc Burrow
00:44 Altar of Storms
01:59 Stronghold
02:26 War Mill
02:55 Orc Burrow
02:56 Orc Burrow
02:59 Orc Burrow
03:08 Orc Burrow
03:09 Orc Burrow
03:13 Voodoo Lounge
04:56 Beastiary
04:59 Beastiary
05:04 Beastiary
BlueWaters (
orange | 92 APM | 714 actions | 07:46)
» actions
| Assign group hotkey | 6 | |
| Basic commands | 4 | |
| Build / train | 10 | |
| Enter build submenu | 9 | |
| Right click | 630 | |
| Select / deselect | 40 | |
| Use ability | 15 | |
714 total
» units
» buildings
| Halls of the Dead | 2 | |
| Necropolis | 4 | |
| Graveyard | 1 | |
| Crypt | 1 | |
| Altar of Darkness | 1 | |
9 total
» build order
01:07 Halls of the Dead
01:07 Halls of the Dead
01:12 Necropolis
01:24 Necropolis
01:44 Graveyard
02:02 Crypt
02:25 Necropolis
02:43 Altar of Darkness
04:52 Necropolis

»
JBGarrison72 (
teal | 26 APM | 201 actions | 07:46)
1 Archmage
1 Blizzard
» actions
| Basic commands | 26 | |
| Build / train | 23 | |
| Enter build submenu | 12 | |
| Enter hero's abilities submenu | 1 | |
| Right click | 55 | |
| Select / deselect | 69 | |
| Use ability | 15 | |
201 total
» units
» upgrades
» buildings
| Farm | 5 | |
| Altar of Kings | 1 | |
| Scout Tower | 1 | |
| Barracks | 4 | |
| Arcane Tower | 1 | |
12 total
» build order
00:30 Farm
00:42 Altar of Kings
02:12 Farm
02:15 Scout Tower
02:19 Barracks
03:36 Arcane Tower
03:41 Barracks
03:45 Barracks
04:35 Barracks
04:43 Farm
05:26 Farm
06:26 Farm
Chat log
(00:06 / All) 5PeonsRDepressd: Bobjake is that u
(00:17 / All) IRONPOOP: no, im blowjobjake
(00:19 / All) JBGarrison72: I figured as much
(00:24 / Allies) booty_messiah15: yo
(00:24 / Allies) Soccerluke96: rush
(00:28 / Allies) booty_messiah15: foots
(00:28 / Allies) booty_messiah15: mk
(00:37 / All) 5PeonsRDepressd: ORANGE IS BOBJAKE
(00:38 / Allies) Soccerluke96: ill get archers
(00:40 / All) 5PeonsRDepressd: EVERYONE KILL ORANGE
(00:43 / Allies) booty_messiah15: lets just rush
(00:47 / Allies) booty_messiah15: ill go melle
(01:14 / All) 5PeonsRDepressd: JBG are you gonna kill bobjake before he can build up?
(01:16 / Allies) x_TRiPPiNiNjA_x: him and iron poop on other teams are trolls
(01:18 / All) 5PeonsRDepressd: Orange is a menace to society
(01:30 / All) JBGarrison72: Green is also in on it, so no way i can
(01:40 / All) 5PeonsRDepressd: I have faith in you
(01:42 / Allies) booty_messiah15: we rush
(01:49 / Allies) x_TRiPPiNiNjA_x: yeah just rush
(02:02 / Allies) Soccerluke96: purp??
(02:06 / All) JBGarrison72: You guys wasting my time again, that's cool, ill waste yours
(02:13 / Allies) x_TRiPPiNiNjA_x: hes a troll, dont waste time with him
(02:17 / All) IRONPOOP: sec man, oj is makin my dick hard
(02:32 / All) IRONPOOP: shit's diamonds
(02:43 / Allies) booty_messiah15: rush mid night
(03:12 / Allies) booty_messiah15: meet
(03:14 / All) JBGarrison72: basically trying to kill 4v4 and troll people in the process
(03:25 / All) JBGarrison72: so this game is going to end however they decide it will
(03:32 / All) JBGarrison72: They do this EVERY night
(03:50 / All) JBGarrison72: Yes, green, you are
(04:03 / All) 5PeonsRDepressd: JBG I have a confession
(04:16 / All) 5PeonsRDepressd: Jake isn't here, it's just Bob, I got depressed peasants that won't work
(04:25 / All) 5PeonsRDepressd: reveal the bottom middle base
(04:27 / Allies) x_TRiPPiNiNjA_x: fs
(04:27 / All) JBGarrison72: well how about that
(04:51 / All) 5PeonsRDepressd: my peasants need some prozac or something
(06:14 / All) IRONPOOP: if you people are gonna pull this faggotry, at least dont lag
(06:35 / All) IRONPOOP: bitches playing this shit on an etch-a-sketch
(07:43 / All) 5PeonsRDepressd: I'm leaving. CNN is fake news.